 Dungeon Crawl Stone Soup version 0.30-a0-913-g9934a0ce24 (webtiles) character file.

Game seed: 158261529861347804

67 Pooter the Trooper (level 4, 0/41 HPs)
             Began as a Minotaur Fighter on Mar 19, 2023.
             Slain by a rat (3 damage)
             ... on level 2 of the Dungeon.
             The game lasted 00:03:46 (724 turns).

Pooter the Trooper (Minotaur Fighter)                Turns: 724, Time: 00:03:47

Health: 0/41       AC:  6    Str: 22    XL:     4   Next: 0%
Magic:  3/3        EV:  9    Int:  5    God:
Gold:   83         SH:  4    Dex: 10    Spells: 3/3 levels left

rFire   . . .      SeeInvis .    a - +0 war axe
rCold   . . .      Faith    .    c - +0 buckler
rNeg    . . .      Spirit   .    b - +0 scale mail
rPois   .          Reflect  .    (helmet restricted)
rElec   .          Rampage  .    (no cloak)
rCorr   .                        (no gloves)
Will    .....                    (no boots) Stlth
                                 (no amulet)
HPRegen 0.26/turn                (no ring)
MPRegen 0.08/turn                (no ring)

@: mighty
A: horns 2, retaliatory headbutt
a: no special abilities


You were on level 2 of the Dungeon.
You visited 1 branch of the dungeon, and saw 2 of its levels.

You collected 83 gold pieces.

Inventory:

Hand Weapons
 a - a +0 war axe (weapon)
 e - a +0 spear of pain
   (You found it on level 1 of the Dungeon)
Missiles
 Q - 18 stones (quivered)
Armour
 b - a +0 scale mail (worn)
 c - a +0 buckler (worn)
Scrolls
 g - a scroll of teleportation {unknown}
 j - a scroll of brand weapon {unknown}
 l - a scroll of fear
Potions
 d - a potion of might
 f - a potion of haste {unknown}
 h - 3 potions of curing {@q1}
 k - a potion of flight {unknown}


   Skills:
 + Level 4.5 Fighting
 * Level 4.5 Axes
 - Level 3.6 Armour
 - Level 3.6 Shields


You had 3 spell levels left.
You didn't know any spells.
Your spell library contained the following spells:

 Spells                   Type           Power      Damage    Failure   Level
 Blink                    Tloc           0%         N/A       95%         2
 Manifold Assault         Tloc           0%         N/A       100%        4
 Storm Form               Tmut/Air       0%         N/A       100%        7


Dungeon Overview and Level Annotations

Branches:
Dungeon (2/15)

Altars:

Annotations:
D:2 Natasha


Innate Abilities, Weirdness & Mutations

You have a pair of horns on your head.
You reflexively headbutt those who attack you in melee.


Message History

As you read the scroll of identify {@r1}, it crumbles to dust.
l - a scroll of fear A bat comes into view.
You block the bat's attack.
You barely miss the bat. Your headbutt misses the bat.
The bat hits you but does no damage. The bat closely misses you. x2
You furiously retaliate!
You headbutt the bat!
You kill the bat!
You have reached level 4!
You feel agile.
Natasha, Servant of Life and Death comes into view.
She is carrying a wand of flame (6).
Natasha zaps a wand.
The puff of flame hits you!
Natasha zaps a wand.
The puff of flame hits you!
You are too injured to fight recklessly!
Natasha claws you but does no damage.
You barely miss Natasha.
A rat comes into view.
Natasha wildly gestures.
Natasha glows brightly for a moment.
Natasha stares at you and mumbles some strange words.
The magic dart hits you but does no damage.
You slash Natasha!
Natasha mumbles some strange words.
Natasha shimmers violently.
Natasha zaps a wand.
The puff of flame misses you.
You closely miss Natasha. Natasha closely misses you.
Natasha zaps a wand.
The puff of flame hits you.
* * * LOW HITPOINT WARNING * * *
You barely miss Natasha.
Natasha zaps a wand.
The puff of flame hits you.
* * * LOW HITPOINT WARNING * * *
You barely miss Natasha.
Natasha zaps a wand.
The puff of flame hits you!
* * * LOW HITPOINT WARNING * * *
The now-empty wand crumbles to dust.
You feel better. You block Natasha's attack.
You feel very mighty all of a sudden. Natasha claws you.
* * * LOW HITPOINT WARNING * * *
You closely miss Natasha. You closely miss the rat.
The rat bites you but does no damage. Natasha claws you!
* * * LOW HITPOINT WARNING * * *
The rat bites you.
You die...

### #... .. #..## ..
#... .#######.#
..##....# #.#..##.#
#.#.###.## #...#
#..####
#@.#####....#### #hr#
#.........# ...#
#...#.....## .....
#..#.......#
.......#.#######..#
........#..#.......#
.............#......#
.....................#
..............#


You could see Natasha and a rat.

Vanquished Creatures
  Natasha (D:2)
  2 dart slugs (D:1)
  5 ball pythons (D:1)
  3 bats (D:2)
  3 endoplasms (D:1)
  2 giant cockroaches (D:1)
  A goblin (D:1)
  5 hobgoblins (D:1)
  6 jackals (D:1)
  A frilled lizard (D:1)
  A kobold (D:1)
  5 rats
35 creatures vanquished.

Notes
Turn   | Place    | Note
-------+----------+-------------------------------------------
     0 | D:1      | Pooter the Minotaur Fighter began the quest for the Orb.
     0 | D:1      | Reached XP level 1. HP: 19/19 MP: 0/0
    62 | D:1      | Reached XP level 2. HP: 23/27 MP: 1/1
   261 | D:1      | Reached XP level 3. HP: 21/33 MP: 2/2
   668 | D:2      | Noticed Natasha
   670 | D:2      | Killed Natasha
   709 | D:2      | Reached XP level 4. HP: 41/41 MP: 3/3
   712 | D:2      | Noticed Natasha
   724 | D:2      | Slain by a rat

Illustrated notes

Levels and vault maps discovered:
D:1:      dpeg_arrival_simpleton_b, layout_basic
D:2:      layout_basic, serial_shops, shop, nicolae_shop_advertising_works
          [nicolae_subvault_shop_adworks], nicolae_lakefront_shop,
          nicolae_shop_waterfront, uniq_jessica, uniq_terence, uniq_natasha

Skill      XL: |  1  2  3 |
---------------+----------+-----
Axes           | 3 4 |  4.5
Fighting       | 4 |  4.5
Armour         | |  3.6
Shields        | |  3.6

Action                     |  1- 3 |  4- 6 || total
---------------------------+-------+-------++-------
  Melee: War axe           |    63 |     6 ||    69
         Headbutt          |     7 |       ||     7
    Use: Scroll            |     2 |       ||     2
         Potion            |       |     2 ||     2
 Armour: Scale mail        |    45 |     3 ||    48
  Dodge: Dodged            |    50 |     2 ||    52
  Block: Buckler           |    18 |     1 ||    19

Table legend: (Time is in decaauts)
 A = Elapsed time spent in this place.
 B = Non-inter-level travel time spent in this place.
 C = Inter-level travel time spent in this place.
 D = Time resting spent in this place.
 E = Time spent auto-exploring this place.
 F = Levels seen in this place.
 G = Mean time per level.
                   A        B        C        D        E       F      G
               +--------+--------+--------+--------+--------+-----+--------+
         Total |    748 |    738 |     10 |      0 |    532 |   2 |  374.0 |
       Dungeon |    748 |    738 |     10 |      0 |    532 |   2 |  374.0 |
               +--------+--------+--------+--------+--------+-----+--------+

Top non-repeatable levels by time:
     D:1: 686 daAuts
     D:2: 61 daAuts
